Map: Frozen Temple

Players

PtitDrogo - Winner!

  • Race: Protoss Protoss
  • League: Grandmaster

Elazer

  • Race: Zerg Zerg
  • League: Grandmaster

Event: The PiG Daily 35

VOD

https://www.youtube.com/watch?v=FsC43sBAof0

Description

Time

  • Played on: July 6, 2016, 4:58 p.m.
  • Length: 10:26

All games in this series

Show
View Real Time Build Order
Export as new Build Order

PtitDrogo Protoss - Winner!

Build Orders: 1 Gate Expand, Oracle Opening 

Get SALT Encoding   

  12  0:01  Probe (Chrono Boost)  
  13  0:11  Probe (Chrono Boost)  
  14  0:18  Pylon  
  14  0:22  Probe (Chrono Boost)  
  15  0:37  Probe (Chrono Boost)  
  15  0:38  Gateway  
  16  0:47  Probe (Chrono Boost)  
  17  0:52  Assimilator  
  17  0:58  Probe (Chrono Boost)  
  18  1:08  Probe (Chrono Boost)  
  19  1:22  Nexus  
  19  1:25  Probe (Chrono Boost)  
  20  1:34  Cybernetics Core  
  20  1:37  Probe (Chrono Boost)  
  21  1:42  Assimilator  
  21  1:48  Probe (Chrono Boost)  
  21  1:53  Pylon  
  22  1:59  Probe (Chrono Boost)  
  23  2:06  Warp Gate  
  23  2:11  Probe (Chrono Boost)  
  23  2:12  Adept (Chrono Boost)  
  26  2:23  Probe  
  27  2:33  Probe  
  27  2:35  Probe  
  27  2:36  Stargate  
  29  2:39  Zealot (Chrono Boost)  
  29  2:44  Probe  
  31  2:47  Probe  
  33  2:54  Probe  
  34  2:59  Probe  
  34  3:05  Probe (Chrono Boost)  
  35  3:11  Probe (Chrono Boost)  
  37  3:12  Gateway  
  37  3:13  Gateway  
  37  3:18  Mothership Core (Chrono Boost)  
  39  3:21  Oracle (Chrono Boost)  
  39  3:23  Probe  
  43  3:28  Pylon  
  43  3:36  Probe  
  43  3:38  Probe  
  45  3:48  Probe  
  43  3:50  Probe  
  43  3:52  Oracle (Chrono Boost)  
  47  4:00  Probe  
  48  4:06  Nexus  
  48  4:08  Pylon  
  48  4:10  Adept x3  
  48  4:12  Probe  
  54  4:26  Probe x2  
  56  4:32  Pylon  
  56  4:35  Pylon  
  56  4:45  Assimilator  
  56  4:48  Assimilator  
  56  4:50  Probe x2  
  56  4:51  Adept x2, Pylon  
  62  4:53  Adept  
  64  5:02  Probe x2  
  66  5:14  Probe x2 (Chrono Boost)  
  66  5:17  Robotics Facility  
  68  5:25  Probe x3 (Chrono Boost)  
  67  5:36  Probe x2 (Chrono Boost)  
  67  5:39  Probe (Chrono Boost)  
  67  5:42  Gateway  
  62  5:44  Gateway  
  62  5:45  Sentry x3  
  62  5:46  Probe x2 (Chrono Boost), Gateway  
  62  5:48  Gateway  
  71  5:50  Probe (Chrono Boost)  
  71  5:51  Pylon  
  70  5:57  Probe x2 (Chrono Boost)  
  70  6:03  Probe (Chrono Boost)  
  72  6:07  Probe x2 (Chrono Boost)  
  72  6:09  Sentry  
  72  6:10  Twilight Council, Sentry x2  
  80  6:13  Probe (Chrono Boost), Observer (Chrono Boost), Forge  
  80  6:16  Probe  
  80  6:17  Probe, Pylon  
  84  6:34  Protoss Ground Weapons Level 1  
  84  6:35  Probe  
  84  6:36  Charge (Chrono Boost)  
  85  6:40  Probe  
  85  6:42  Phoenix (Chrono Boost)  
  85  6:46  Probe  
  89  6:47  Probe  
  89  6:48  Assimilator  
  89  6:49  Assimilator  
  89  6:53  Immortal (Chrono Boost)  
  94  6:56  Probe  
  94  6:59  Probe, Gateway  
  94  7:01  Photon Cannon, Pylon x2  
  96  7:06  Zealot x6  
  108  7:09  Pylon  
  108  7:16  Phoenix  
  108  7:17  Pylon  
  108  7:19  Phoenix  
  110  7:26  Gateway  
  110  7:27  Gateway  
  110  7:30  Photon Cannon x2  
  110  7:31  Gateway  
  110  7:32  Immortal (Chrono Boost)  
  110  7:35  Phoenix  
  114  7:44  Phoenix  
  114  7:49  Robotics Facility  
  116  7:53  Templar Archives  
  114  8:09  Phoenix  
  115  8:24  Immortal (Chrono Boost)  
  115  8:25  Zealot x6  
  115  8:26  Zealot x2  
  135  8:29  Pylon x2  
  135  8:39  Zealot  
  134  8:48  Nexus  
  134  8:49  Pylon  
  134  8:53  Photon Cannon  
  134  8:54  Pylon  
  134  8:57  High Templar  
  134  8:58  High Templar x5  
  134  9:02  Archon  
  150  9:03  Archon x2, Immortal (Chrono Boost)  
  150  9:05  Pylon  
  150  9:08  Zealot x5  
  160  9:12  Photon Cannon  
  158  9:22  Pylon  
  158  9:25  Pylon  
  164  9:39  Immortal (Chrono Boost)  
  164  9:42  High Templar x2  
  164  9:44  Zealot x6, Immortal (Chrono Boost)  
  180  9:50  Archon  
  164  10:13  Zealot x9  
Show
View Real Time Build Order
Export as new Build Order

Elazer Zerg 

Build Orders: Hatch First 

Get SALT Encoding   

  12  0:00  Drone  
  13  0:12  Overlord  
  13  0:17  Drone  
  14  0:31  Drone x2  
  14  0:34  Drone  
  17  1:01  Hatchery  
  17  1:02  Drone x2  
  18  1:16  Extractor  
  18  1:17  Spawning Pool  
  16  1:18  Drone  
  16  1:20  Drone  
  18  1:28  Drone  
  19  1:47  Overlord  
  19  1:50  Drone  
  20  2:03  Queen  
  20  2:06  Drone  
  23  2:11  Drone  
  23  2:12  Queen  
  23  2:13  Zergling x2  
  27  2:17  Metabolic Boost  
  27  2:25  Zergling x2  
  28  2:33  Hatchery, Zergling x2  
  28  2:38  Drone  
  29  2:47  Drone  
  29  2:48  Queen  
  32  2:58  Overlord  
  32  3:00  Extractor  
  32  3:01  Spore Crawler  
  32  3:02  Drone  
  32  3:03  Drone  
  32  3:04  Drone  
  33  3:08  Drone  
  36  3:17  Drone x3  
  36  3:18  Overlord  
  39  3:23  Drone x3  
  39  3:25  Drone  
  43  3:29  Drone  
  44  3:39  Drone  
  44  3:41  Drone  
  45  3:44  Drone x2  
  45  3:45  Drone x2  
  45  3:47  Overlord  
  49  3:51  Overlord  
  49  3:59  Spore Crawler x2  
  49  4:00  Spore Crawler  
  46  4:03  Extractor  
  46  4:05  Drone x3  
  46  4:07  Queen  
  49  4:11  Overlord  
  49  4:12  Drone x2  
  49  4:13  Drone  
  49  4:14  Drone  
  53  4:18  Drone x2  
  53  4:20  Drone  
  53  4:21  Drone  
  53  4:23  Drone  
  53  4:25  Drone  
  53  4:34  Evolution Chamber  
  53  4:36  Zergling x10  
  57  4:49  Zergling x4  
  59  4:58  Drone x4  
  59  4:59  Drone x2  
  65  5:00  Zerg Missile Weapons Level 1  
  65  5:01  Lair  
  65  5:05  Drone  
  66  5:09  Drone x2  
  66  5:12  Hatchery, Drone  
  67  5:14  Zergling x6  
  67  5:17  Zergling x4  
  67  5:18  Zergling x2  
  73  5:23  Zergling x2  
  74  5:34  Queen  
  71  5:37  Queen  
  65  5:43  Drone  
  65  5:45  Extractor  
  65  5:46  Extractor  
  65  5:47  Baneling Nest, Drone  
  65  5:48  Drone x3, Extractor  
  66  5:50  Drone  
  66  5:52  Extractor, Drone x3  
  66  5:54  Drone  
  66  5:55  Drone x4  
  73  5:58  Drone  
  73  6:01  Drone  
  73  6:03  Spire  
  72  6:07  Roach Warren  
  72  6:08  Overlord  
  71  6:16  Overlord  
  71  6:17  Overseer  
  71  6:21  Drone x2  
  71  6:23  Overlord x2  
  71  6:25  Overlord  
  73  6:37  Drone x3  
  73  6:39  Drone  
  74  6:43  Overlord  
  74  6:46  Glial Reconstitution  
  74  6:47  Roach  
  74  6:48  Roach x10  
  96  6:58  Zerg Missile Weapons Level 2  
  96  6:59  Overlord x2  
  96  7:01  Roach x4  
  104  7:14  Mutalisk x4  
  104  7:15  Mutalisk  
  112  7:18  Drone x4  
  112  7:19  Drone x2  
  118  7:23  Queen  
  118  7:25  Overlord  
  120  7:32  Drone x2  
  120  7:33  Drone x3  
  125  7:38  Spore Crawler  
  125  7:39  Extractor, Roach  
  125  7:40  Extractor, Roach  
  125  7:44  Roach x3  
  132  7:50  Hydralisk Den  
  131  7:52  Overlord  
  131  7:55  Roach x3  
  137  8:04  Roach x6  
  149  8:19  Hydralisk x6, Lurker Den  
  151  8:28  Overlord x3  
  151  8:29  Overlord  
  146  8:35  Ravager x6  
  146  8:37  Drone  
  146  8:38  Drone x5  
  146  8:40  Ravager  
  157  8:41  Ravager  
  155  8:53  Overseer, Overlord  
  153  9:00  Hydralisk x5  
  161  9:06  Zergling x2  
  161  9:07  Zergling x16  
  168  9:17  Overlord  
  168  9:25  Hydralisk x7  
  175  9:36  Hydralisk x5  
  175  9:38  Zergling x4  
  159  9:48  Zergling x14  
  159  9:50  Lurker x2  
  159  9:51  Lurker  
Tags
 
Add a new tag
Caveats
  • Supply blocks, unpowered buildings, or Contaminate may cause inaccurate times.
  • Supply counts are checked every 10 seconds.